 Dungeon Crawl Stone Soup version 0.16.2-12-gd0ad4c3 (webtiles) character file.

38 faibistes the Magician (level 3, -1/19 HPs)
             Began as a Deep Elf Wizard on Feb 10, 2018.
             Slain by a hobgoblin
             ... wielding a +0 club
             ... led by Robin
              (5 damage)
             ... on level 2 of the Dungeon.
             The game lasted 00:04:56 (2475 turns).

faibistes the Magician (Deep Elf Wizard)            Turns: 2475, Time: 00:04:56

Health: -1/19      AC:  2    Str:  4    XL:     3   Next: 25%
Magic:  4/14       EV: 13    Int: 23    God:
Gold:   53         SH:  0    Dex: 13    Spells: 5 memorised, 1 level left

rFire  . . .     SeeInvis .     (no weapon)
rCold  . . .     Clarity  .     a - +0 robe
rNeg   . . .     SustAb   .     (no shield)
rPois  .         Gourm    .     b - +0 hat
rElec  .         Spirit   .     (no cloak)
rCorr  .         Warding  .     (no gloves)
rMut   .         Stasis   .     (no boots)
MR     .....                    (no amulet)
Stlth  ++........               (no ring)
                                (no ring)

@: not resistant to hostile enchantments, unstealthy
A: no striking features
a: no special abilities


You were on level 2 of the Dungeon.
You were hungry.

You visited 1 branch of the dungeon, and saw 2 of its levels.

You collected 53 gold pieces.

Inventory:

Hand weapons
 g - a +0 dagger
 k - a +0 trident of pain
Armour
 a - a +0 robe (worn)
 b - a +0 hat (worn)
Scrolls
 e - a scroll of recharging {unknown}
 h - a scroll of identify {unknown}
Potions
 f - a potion of heal wounds {unknown}
 i - 2 potions of might {unknown}
Books
 c - a book of Minor Magic

   Spells                             Type                      Level
   a - Magic Dart                     Conjuration                  1
   b - Blink                          Translocation                2
   c - Call Imp                       Summoning                    2
   d - Repel Missiles                 Charms/Air                   2
   e - Slow                           Hexes                        2
   f - Conjure Flame                  Conjuration/Fire             3
   g - Mephitic Cloud                 Conjuration/Poison/Air       3
Comestibles
 d - 2 bread rations


   Skills:
 + Level 3.2 Dodging
 - Level 2.4 Stealth
 * Level 5.0 Spellcasting
 * Level 2.3 Conjurations
 - Level 1.1 Summonings
 - Level 1.1 Translocations


You had one spell level left.
You knew the following spells:

 Your Spells              Type           Power        Failure   Level  Hunger
a - Magic Dart            Conj           ###.         3%          1    None
b - Conjure Flame         Conj/Fire      ##......     21%         3    ##.....
c - Call Imp              Summ           ##......     12%         2    None
d - Blink                 Tloc           N/A          12%         2    None
e - Mephitic Cloud        Conj/Pois/Air  #.......     21%         3    ##.....


Dungeon Overview and Level Annotations

Branches:
Dungeon (2/15)

Altars:
Trog


Message History

Confirm with . or Enter, or press ? or * to list all spells.
Aiming: Magic Dart
Press: ? - help, Shift-Dir - straight line, f/p - hobgoblin
Aim: a hobgoblin (moderately wounded)
The magic dart hits the hobgoblin.
The hobgoblin is severely wounded.
The hobgoblin hits you.
* * * LOW HITPOINT WARNING * * *
The hobgoblin hits you with a club.
* * * LOW HITPOINT WARNING * * *
Casting: Magic Dart
Confirm with . or Enter, or press ? or * to list all spells.
Aiming: Magic Dart
Press: ? - help, Shift-Dir - straight line, f/p - hobgoblin
Aim: a hobgoblin (severely wounded)
The magic dart hits the hobgoblin.
You kill the hobgoblin!
Your Spellcasting skill increases to level 5!
The hobgoblin hits you with a club.
You die...

#.## #..#
#8...8# . ...#
####...## ...#
#...ggg#####.#
###
#.##.#.......#
#.##.#.#######
#)<#.#.#
#..#.#.#
#)g#.#.#
#@)#.#.#
#..#.#.#
#..#.#<# ####
###


You could see a hobgoblin.

Vanquished Creatures
  An ooze (D:1)
  3 giant cockroaches (D:1)
  5 hobgoblins
  4 kobolds (D:1)
  2 giant newts (D:1)
  10 goblins
  5 rats
30 creatures vanquished.

Vanquished Creatures (collateral kills)
  Robin (D:1)
1 creature vanquished.

Vanquished Creatures (others)
  A white imp (D:1)
1 creature vanquished.

Grand Total: 32 creatures vanquished

Notes
Turn   | Place    | Note
--------------------------------------------------------------
     0 | D:1      | faibistes, the Deep Elf Wizard, began the quest for the Orb.
     0 | D:1      | Reached XP level 1. HP: 10/10 MP: 6/6
   558 | D:1      | Reached XP level 2. HP: 15/15 MP: 7/9
   562 | D:1      | Learned a level 2 spell: Blink
   565 | D:1      | Learned a level 2 spell: Call Imp
  1572 | D:2      | Found a bloodstained altar of Trog.
  1574 | D:2      | Noticed Robin
  2098 | D:1      | Killed Robin
  2098 | D:1      | Reached XP level 3. HP: 2/19 MP: 6/13
  2103 | D:1      | Learned a level 3 spell: Conjure Flame
  2108 | D:1      | Learned a level 3 spell: Mephitic Cloud
  2475 | D:2      | Reached skill level 5 in Spellcasting
  2475 | D:2      | Slain by a hobgoblin

Action                   || total
-------------------------++-------
Melee: Unarmed           ||     8
 Cast: Magic Dart        ||    87
       Blink             ||     2
       Call Imp          ||     2
  Eat: Chunk             ||     4
